 Dungeon Crawl Stone Soup version 0.25-a0-404-gc1b5a34292 (webtiles) character file.

Game seed: 16270184484168867517, levelgen mode: deterministic

5289 Chiseanne the Fighter (level 10, -5/122 HPs)
             Began as an Ogre Wanderer on Jan 11, 2020.
             Was a Believer of Okawaru.
             Slain by Josephine
             ... wielding a +0 dagger
              (8 damage)
             ... on level 10 of the Dungeon.
             The game lasted 00:21:11 (11358 turns).

Chiseanne the Fighter (Ogre Wanderer)              Turns: 11358, Time: 00:21:11

Health: -5/122     AC:  5    Str: 16    XL:     10   Next: 63%
Magic:  13/14      EV: 12    Int: 14    God:    Okawaru [**....]
Gold:   309        SH: 11    Dex: 12    Spells: 9/9 levels left

rFire    . . .     SeeInvis .   a - +9 long sword of Dullness {flame, MR+ Stlth+}
rCold    . . .     Gourm    .   y - +0 shield
rNeg     . . .     Faith    +   b - +1 robe
rPois    .         Spirit   .   (helmet restricted)
rElec    .         Reflect  .   r - +0 cloak
rCorr    .         Harm     .   (gloves unavailable)
MR       +++..                  (boots unavailable)
Stlth    ++++......             t - amulet of faith
HPRegen  0.00/turn              l - ring of protection from magic
MPRegen  0.14/turn              (no ring)

@: heroism, slowed, heavily drained, very slow
A: large, unfitting armour, blink, mutation resistance 1, inhibited
regeneration, tough skin 1
a: Blink, Heroism, Renounce Religion


You were on level 10 of the Dungeon.
You worshipped Okawaru.
Okawaru was pleased with you.
You were not hungry.

You visited 3 branches of the dungeon, and saw 12 of its levels.

You collected 522 gold pieces.
You spent 213 gold pieces at shops.

Inventory:

Hand Weapons
 a - the +9 long sword of Dullness (weapon) {flame, MR+ Stlth+}
   (You found it on level 4 of the Dungeon)

   It has been specially enchanted to burn those struck by it, causing extra
   injury to most foes and up to half again as much damage against particularly
   susceptible opponents.
   Big, fiery blades are also staple armaments of hydra-hunters.
   It affects your resistance to hostile enchantments.
   It makes you more stealthy.
Missiles
 g - 319 stones
 m - 21 boomerangs (quivered)
 x - 25 poisoned darts
 z - a throwing net
 J - 2 silver javelins
 M - 4 silver boomerangs
Armour
 b - a +1 robe (worn)
 r - a +0 cloak (worn)
 y - a +0 shield (worn)
Magical Staves
 u - an uncursed staff of wizardry
Jewellery
 h - an uncursed amulet of the gourmand
 l - a ring of protection from magic (left hand)
 s - an uncursed ring of ice
 t - an amulet of faith (around neck)
Wands
 q - a wand of enslavement (10)
 E - a wand of polymorph (15)
 G - a wand of random effects (21)
 I - a wand of paralysis (8)
Scrolls
 e - 4 scrolls of remove curse
 f - 4 scrolls of magic mapping
 i - 5 scrolls of enchant armour
 j - 3 scrolls of fog
 n - a scroll of blinking
 o - 3 scrolls of teleportation
 p - a scroll of immolation
 v - 4 scrolls of amnesia
 w - a scroll of identify
Potions
 c - 4 potions of resistance
 k - a potion of brilliance
 A - a potion of magic
 B - 4 potions of flight
 D - a potion of might
 F - 2 potions of curing
 K - a potion of invisibility
Comestibles
 d - 7 rations


   Skills:
 * Level 14.2(17.0) Fighting
   Level 2.0(6.0) Axes
   Level 2.6(6.2) Maces & Flails
 * Level 4.1(7.3) Throwing
 - Level 1.7(5.1) Dodging
 - Level 1.0(4.3) Stealth
 * Level 7.0(10.1) Shields
 * Level 5.6(4.0) Invocations
 - Level 1.0(0.0) Evocations


You had 9 spell levels left.
You didn't know any spells.
Your spell library contained the following spells:

 Spells                   Type           Power        Failure   Level  Hunger
 Confusing Touch          Hex            #.......     65%         3    ####...
 Gell's Gravitas          Tloc           #.........   65%         3    ####...
 Petrify                  Tmut/Erth      #.......     96%         4    #####..
 Metabolic Englaciation   Hex/Ice        #.........   100%        5    ######.
 Yara's Violent Unravell  Hex/Tmut       #.........   100%        5    ######.


Dungeon Overview and Level Annotations

Branches:
Dungeon (10/15)            Temple (1/1) D:7            Lair (0/6) D:8
    Orc (1/2) D:9

Altars:
Ashenzari
Cheibriados
Dithmenos
Elyvilon
Fedhas
Gozag
Hepliaklqana
Kikubaaqudgha
Makhleb
Nemelex Xobeh
Okawaru
Qazlal
Ru
Sif Muna
Trog
Vehumet
Wu Jian
Xom
Yredelemnul
The Shining One

Shops:
D:5 *

Annotations:
D:10 Josephine


Innate Abilities, Weirdness & Mutations

You are too large for most types of armour.
You have tough skin. (AC +1)
You can translocate small distances at will.
You are somewhat resistant to further mutation.
You do not regenerate when monsters are visible.


Message History

The wraith hits you but does no damage. You block Josephine's attack.
You barely miss Josephine.
Josephine is lightly wounded.
You block the wraith's attack. Josephine hits you but does no damage.
The wraith hits you but does no damage. You block Josephine's attack.
You hit Josephine. You burn Josephine.
Josephine is lightly wounded.
A wraith comes into view.
You block the wraith's attack. Josephine closely misses you.
You riposte.
You slash Josephine! You burn Josephine.
Josephine is moderately wounded.
Josephine gestures at you while chanting.
You are unaffected.
The wraith moves out of view.
You feel better. The wraith hits you!
* * * LOW HITPOINT WARNING * * *
The wraith drains your vigour!
You feel as though you will be slow longer.
Josephine grins evilly.
Josephine hits you with a +0 dagger!
You die...

... ... ..# #.# #. #.# @
####.# ##.## ##.##.#
##W..##
##...#.#######.@#..####.
................@W....'.
##...#.#######.#...####.
##.##.#######>##.##
#...............#
#.##.###..##.##.# #.##.#
#..## #.# #
#.##.###..##.##.###.##
#.........##....(....#
####.####.#####.###..#


You could see Josephine and 2 wraiths.

Vanquished Creatures
  A two-headed ogre (D:9)
  Grinder (D:5)
  A hippogriff (D:7)
  3 wraiths (D:10)
  A hungry ghost (D:7)
  3 orc warriors
  An ice beast (D:9)
  4 sky beasts
  A black bear (D:9)
  An ogre (D:7)
  A crocodile (D:8)
  2 centaurs
  2 big kobolds
  Blork the orc (D:6)
  4 bullfrogs
  A scorpion (D:7)
  5 killer bees (D:9)
  11 wights
  4 howler monkeys
  4 crimson imps
  7 orc priests
  7 orc wizards
  A centaur skeleton (D:7)
  A bullfrog skeleton (D:8)
  6 hounds
  3 iguanas
  3 worker ants (D:6)
  12 adders
  A shadow imp (D:5)
  3 adder zombies
  2 adder skeletons (D:7)
  4 worms
  3 dart slugs
  3 leopard geckos
  38 orcs
  2 giant cockroaches
  12 goblins
  11 hobgoblins
  13 jackals
  2 quokkas
  4 ball pythons
  6 bats
  3 frilled lizards
  A giant cockroach zombie (D:6)
  19 kobolds
  13 rats
232 creatures vanquished.

Vanquished Creatures (collateral kills)
  A killer bee (D:9)
1 creature vanquished.

Vanquished Creatures (others)
  A plant (D:5)
1 creature vanquished.

Grand Total: 234 creatures vanquished

Notes
Turn   | Place    | Note
-------+----------+-------------------------------------------
     0 | D:1      | Chiseanne the Ogre Wanderer began the quest for the Orb.
     0 | D:1      | Chiseanne set off with the following items: a +2 hand axe,
                  | a +0 robe, a +0 mace, a ration
     0 | D:1      | Reached XP level 1. HP: 19/19 MP: 1/1
   142 | D:1      | Reached skill level 2 in Fighting
   332 | D:1      | Reached XP level 2. HP: 20/29 MP: 2/2
   436 | D:1      | Reached skill level 3 in Fighting
   744 | D:1      | Reached XP level 3. HP: 32/39 MP: 3/3
   746 | D:1      | Reached skill level 4 in Fighting
  1636 | D:2      | Reached skill level 5 in Fighting
  1636 | D:2      | Reached XP level 4. HP: 46/50 MP: 4/4
  2162 | D:3      | Reached skill level 6 in Fighting
  2164 | D:3      | Reached XP level 5. HP: 45/61 MP: 5/5
  2476 | D:3      | Reached skill level 7 in Fighting
  2858 | D:3      | You fall into a shaft and drop 2 floors!
  2858 | D:5      | Entered Level 5 of the Dungeon
  3097 | D:4      | Reached XP level 6. HP: 36/72 MP: 6/6
  3295 | D:4      | Reached skill level 8 in Fighting
  3300 | D:4      | Gained mutation: You do not regenerate when monsters are
                  | visible. [potion of mutation]
  3300 | D:4      | Gained mutation: You can translocate small distances at
                  | will. [potion of mutation]
  3300 | D:4      | Gained mutation: You are somewhat resistant to further
                  | mutation. [potion of mutation]
  3930 | D:4      | Got a crystal whip
  3931 | D:4      | Identified the +3 whip of Armageddon {freeze, *Drain +Blink
                  | rF+} (You found it on level 4 of the Dungeon)
  4117 | D:4      | Got an ancient long sword
  4125 | D:4      | Identified the +9 long sword of Dullness {flame, MR+
                  | Stlth+} (You found it on level 4 of the Dungeon)
  4394 | D:5      | Noticed Grinder
  4399 | D:5      | Reached skill level 9 in Fighting
  4422 | D:5      | Found Japram Rete's Assorted Antiques.
  4442 | D:5      | Killed Grinder
  4442 | D:5      | Reached skill level 10 in Fighting
  4442 | D:5      | Reached XP level 7. HP: 53/85 MP: 7/7
  4575 | D:5      | Bought a silvery potion for 24 gold pieces
  4575 | D:5      | Bought a scroll labeled PIUVOYF XERAI for 27 gold pieces
  4575 | D:5      | Bought 2 scrolls of identify for 108 gold pieces
  4575 | D:5      | Bought a scroll labeled PIUVOYF XERAI for 27 gold pieces
  4575 | D:5      | Bought a scroll labeled PIUVOYF XERAI for 27 gold pieces
  4637 | D:5      | Found a bloodstained altar of Trog.
  4995 | D:5      | Found a shattered altar of Ashenzari.
  5322 | D:6      | Reached skill level 11 in Fighting
  5395 | D:6      | Reached XP level 8. HP: 82/97 MP: 8/8
  5716 | D:6      | Noticed Blork the orc
  5721 | D:6      | Killed Blork the orc
  5901 | D:6      | Found an ancient bone altar of Kikubaaqudgha.
  6261 | D:7      | Found a shadowy altar of Dithmenos.
  6266 | D:7      | Reached skill level 12 in Fighting
  6278 | D:7      | Reached skill level 1 in Shields
  6448 | D:7      | Noticed a hippogriff
  6480 | D:7      | Found a staircase to the Ecumenical Temple.
  6857 | D:7      | Reached XP level 9. HP: 24/109 MP: 9/9
  6865 | D:7      | HP: 3/109 [wight/+0 spear (7)]
  7102 | D:7      | Reached skill level 5 in Shields
  7470 | Temple   | Entered the Ecumenical Temple
  7530 | Temple   | Became a worshipper of Warmaster Okawaru
  7605 | D:7      | Reached skill level 1 in Invocations
  7622 | D:7      | Reached skill level 13 in Fighting
  8210 | D:7      | Reached * piety under Okawaru
  8941 | D:8      | Reached skill level 1 in Throwing
  9059 | D:8      | Found a staircase to the Lair.
  9091 | D:8      | Noticed a two-headed ogre
  9742 | D:9      | Noticed a two-headed ogre
  9750 | D:9      | Killed a two-headed ogre
  9750 | D:9      | Reached ** piety under Okawaru
  9750 | D:9      | Reached XP level 10. HP: 20/120 MP: 10/13
 10209 | D:9      | Reached skill level 14 in Fighting
 10209 | D:9      | Reached skill level 5 in Invocations
 10218 | D:9      | Was placed under penance by Okawaru
 10789 | D:9      | Found a staircase to the Orcish Mines.
 10870 | Orc:1    | Entered Level 1 of the Orcish Mines
 10870 | Orc:1    | Noticed an orc knight
 10898 | D:10     | Entered Level 10 of the Dungeon
 11326 | D:10     | Was forgiven by Okawaru
 11337 | D:10     | Noticed Josephine
 11358 | D:10     | HP: 3/122 [wraith[Josephine] (14)]
 11358 | D:10     | Slain by Josephine

Levels and vault maps discovered:
D:1:      minmay_arrival_glassed_features, layout_basic
D:2:      layout_rooms, first_ration, serial_park_tiny_pond
D:3:      layout_basic
D:4:      layout_gridville, kennysheep_generic_room_5
D:5:      layout_cave_pools, overflow_temple_1_default, marbit_many_paths,
          serial_shops, nicolae_shop_crystal, serial_column_ruins,
          column_ruins_grid_5, column_ruins_hut, column_ruins_grid_4,
          column_ruins_grid_3, column_ruins_corridor_straight,
          column_ruins_open_large, column_ruins_columns_corner,
          lexackson_kobold_supper, uniq_grinder
D:6:      layout_basic, kennysheep_mini_moat, uniq_blork_the_orc
D:7:      layout_loops_ring, grunt_dithmenos_smoke, minmay_temple_entry_arrows
D:8:      layout_basic, kennysheep_little_box, kennysheep_mini, lair_entry_dummy
D:9:      layout_roguey, hiddenorc1_lemuel
D:10:     layout_loops_corners, uniq_josephine, uniq_sonja, uniq_maurice
Temple:   nicolae_temple_x_marks_the_god
Orc:1:    layout_caves, bloody_makhleb

Skill      XL: |  1  2  3  4  5  6  7  8  9 10 |
---------------+-------------------------------+-----
Fighting       | 2 3 5 6 7 10 11 12 13 14 | 14.2
Shields        | 4 6 7 |  7.0
Invocations    | 4 5 |  5.6
Throwing       | 3 4 |  4.1
Axes           | |  2.0
Maces & Flails | |  2.6
Dodging        | |  1.7
Stealth        | |  1.0
Evocations     | |  1.0

Action                   |  1- 3 |  4- 6 |  7- 9 | 10-12 || total
-------------------------+-------+-------+-------+-------++-------
Melee: Hand axe          |    97 |   217 |       |       ||   314
       Quarterstaff      |       |     9 |       |       ||     9
       Long sword        |       |     8 |   279 |    87 ||   374
Throw: Boomerang         |       |     1 |     8 |     9 ||    18
Invok: Heroism           |       |       |     2 |     2 ||     4
 Abil: Blink             |       |       |     1 |       ||     1
Evoke: Wand              |       |       |     1 |     1 ||     2
  Use: Scroll            |     6 |     7 |     8 |     2 ||    23
       Potion            |       |     6 |     3 |     4 ||    13
 Stab: Sleeping          |       |     2 |     6 |       ||     8
       Betrayed ally     |       |       |       |     1 ||     1
  Eat: Chunk             |    16 |    13 |    13 |     1 ||    43
       Ration            |       |       |       |     2 ||     2
Armor: Robe              |    30 |    64 |    74 |    20 ||   188
Dodge: Dodged            |    54 |   162 |   126 |    45 ||   387
Block: Shield            |       |       |   116 |    69 ||   185
       Rpst.: Long sword |       |     2 |    28 |    10 ||    40

Table legend:
 A = Non-vault XP
 B = Vault XP
 C = Vault XP percentage of total XP
 D = Non-vault monster count
 E = Vault monster count
 F = Vault count percentage of total count
                 A         B        C        D         E       F
            +---------+---------+-------+---------+---------+-------
      Total |    6168 |    1388 |  18.4 |     202 |      31 |  13.3
            +---------+---------+-------+---------+---------+-------
        D:1 |      51 |       0 |   0.0 |      29 |       0 |   0.0
        D:2 |      62 |       0 |   0.0 |      25 |       0 |   0.0
        D:3 |     174 |       0 |   0.0 |      31 |       0 |   0.0
        D:4 |     265 |       5 |   1.9 |      19 |       1 |   5.0
        D:5 |      35 |     385 |  91.7 |       5 |       9 |  64.3
        D:6 |     452 |      90 |  16.6 |      19 |       1 |   5.0
        D:7 |    2214 |       0 |   0.0 |      36 |       0 |   0.0
        D:8 |     560 |       0 |   0.0 |      11 |       0 |   0.0
        D:9 |    1742 |     258 |  12.9 |      18 |      17 |  48.6
       D:10 |     613 |     650 |  51.5 |       9 |       3 |  25.0
            +---------+---------+-------+---------+---------+-------
